 Dungeon Crawl Stone Soup version 0.29.0-11-gd7f09526c8 (webtiles) character file.

Game seed: 8251739243393175356

3160 quinnr the Destroyer (level 9, -2/52 HPs)
             Began as a Tengu Conjurer on Sept 5, 2022.
             Was a Believer of Vehumet.
             Slain by Monkooky's ghost (26 damage)
             ... on level 7 of the Dungeon.
             The game lasted 00:24:10 (8734 turns).

quinnr the Destroyer (Tengu Conjurer)               Turns: 8734, Time: 00:24:11

Health: -2/52      AC:  7    Str:  8    XL:     9   Next: 94%
Magic:  9/17       EV: 20    Int: 25    God:    Vehumet [**....]
Gold:   228        SH:  6    Dex: 13    Spells: 3/18 levels left

rFire   . . .      SeeInvis .   u - +2 dagger (drain)
rCold   + . .      Faith    .   m - +1 buckler
rNeg    . . .      Spirit   .   o - +1 leather armour of the Shore {*Corrode rElec rC+ Int+3}
rPois   .          Reflect  .   D - +0 hat
rElec   +          Harm     .   g - +2 cloak
rCorr   .          Rampage  .   (no gloves)
Will    .....                   (boots unavailable)
Stlth   ++........              (no amulet)
HPRegen 0.17/turn               E - +4 ring of evasion
MPRegen 0.15/turn               (no ring)

@: flying quickly and evasively, quick
A: beak, talons 3, nimble flight
a: Renounce Religion


You were on level 7 of the Dungeon.
You worshipped Vehumet.
Vehumet was pleased with you.
You visited 2 branches of the dungeon, and saw 8 of its levels.
You also visited: Sewer.

You collected 375 gold pieces.
You spent 147 gold pieces at shops.


Innate Abilities, Weirdness & Mutations

You have a beak for a mouth.
You have claws for feet.
Your magical nature lets you fly swiftly and evasively.


   Skills:
 + Level 4.2 Fighting
 - Level 7.0 Dodging
 - Level 2.3 Stealth
 - Level 4.0 Shields
 - Level 5.0 Spellcasting
 + Level 11.1 Conjurations
 - Level 4.0 Translocations
 + Level 0.0 Air Magic


You had 3 spell levels left.
You knew the following spells:

 Your Spells              Type           Power      Damage    Failure   Level
d - Dazzling Flash        Conj/Hex       68%        N/A       4%          3
m - Magic Dart            Conj           100%       1d8       1%          1
s - Searing Ray           Conj           100%       2d8       1%          2
t - Static Discharge      Conj/Air       34%        3-8/arc   2%          2
w - Stone Arrow           Conj/Erth      68%        3d11      4%          3
X - Iskenderun's Mystic   Conj/Tloc      44%        2d10      7%          4

Your spell library contained the following spells:

 Spells                   Type           Power      Damage    Failure   Level
 Conjure Flame            Conj/Fire      34%        6-21      4%          3
 Sandblast                Erth           12%        2d6       16%         1
 Slow                     Hex            24%        N/A       16%         1
 Passwall                 Tmut/Erth      5%         N/A       24%         2
 Sublimation of Blood     Necr           6%         N/A       24%         2
 Wereblood                Tmut           6%         N/A       24%         2
 Confusing Touch          Hex            6%         N/A       43%         3
 Ignite Poison            Fire/Tmut/Pois 6%         N/A       43%         3
 Vampiric Draining        Necr           6%         2d6       43%         3
 Fulminant Prism          Conj/Hex       17%        3d11      16%         4
 Sticky Flame             Conj/Fire      34%        2d5       16%         4
 Summon Hydra             Summ           3%         N/A       100%        7
 Borgnjor's Revivificati  Necr           3%         N/A       100%        8
 Necromutation            Tmut/Necr      3%         N/A       100%        8
 Death's Door             Necr           3%         N/A       100%        9

Inventory:

Hand Weapons
 u - a +2 dagger of draining (weapon)
Missiles
 d - 16 poisoned darts
 n - a curare-tipped dart {=f}
Armour
 a - a +0 robe
 e - a +1 robe of positive energy
 g - a +2 cloak (worn)
 m - a +1 buckler (worn)
 o - the +1 leather armour of the Shore (worn) {*Corrode rElec rC+ Int+3}
   (You bought it in a shop on level 5 of the Dungeon)

   Int:       It affects your intelligence (+3).
   rC:        It protects you from cold.
   rElec:     It insulates you from electricity.
   *Corrode:  It may corrode you when you take damage.
 D - a +0 hat (worn)
Jewellery
 C - a ring of ice
 E - a +4 ring of evasion (left hand)
Wands
 p - a wand of light (6)
 q - a wand of iceblast (11)
 r - a wand of charming (3)
 t - a wand of flame (44)
Scrolls
 f - 2 scrolls of blinking
 w - a scroll of fear
 x - a scroll of enchant armour
 y - a scroll of enchant weapon
 A - 3 scrolls of teleportation {@r2}
Potions
 b - a potion of magic
 c - a potion of cancellation {unknown}
 h - a potion of invisibility {unknown}
 i - 3 potions of ambrosia
 j - a potion of might
 k - 4 potions of curing {@q1}
 l - 3 potions of attraction {unknown}
 s - a potion of brilliance {unknown}
 v - a potion of berserk rage {unknown}
 z - a potion of heal wounds {unknown}
 B - a potion of haste {unknown}

Dungeon Overview and Level Annotations

Branches:
Dungeon (7/15)             Temple (1/1) D:5           Sewer (visited)

Altars:
Ashenzari
Cheibriados
Dithmenos
Fedhas
Gozag
Hepliaklqana
Kikubaaqudgha
Makhleb
Nemelex Xobeh
Okawaru
Qazlal
Ru
Sif Muna
Trog
Uskayaw
Vehumet
Xom
Yredelemnul
Zin
The Shining One

Shops:
D:5 [   D:6 (

Annotations:
D:5 2 transporters, xian's ghost, novice MiBe
D:7 Lemondrips's ghost, novice VSBe; Monkooky's ghost, novice TrBe

#.....▒..........'......▒
#.....▒▒▒▒▒▒▒'▒▒▒▒......▒
#................▒......▒
#................▒......▒
#................########
#......▒▒▒▒▒▒▒...#
#.....▒▒.♣⌠♣$▒▒..#
#....▒▒8.....8▒▒.#
#....▒........?▒@#
#....▒♣.......♣▒W#
#####▒⌠.......⌠▒W#
#....▒♣.......♣▒.#
#....▒▒▒▒'''▒▒▒▒.#
#....'.......W...#
#....#...........#
#....##....#.....#
#....##....#.....#


You could see Lemondrips's ghost and Monkooky's ghost.


Message History

You finish channelling your searing ray.
Monkooky's ghost hits you!
Unknown command.
Unknown command.
Casting: Searing Ray (safe; 1% risk of failure)
Confirm with . or Enter, or press ? or * to list all spells.
Aiming: Searing Ray (safe; 1% risk of failure)
Press: ? - help, Shift-Dir - straight line, f/p - Monkooky's ghost
Aim: Monkooky's ghost (lightly damaged, 83% to hit)
The searing ray hits Monkooky's ghost.
Monkooky's ghost is lightly damaged.
The searing ray hits Lemondrips's ghost!
Lemondrips's ghost is almost destroyed. (Press . to maintain the ray.) Monkooky's ghost barely misses you.
Unknown command.
The searing ray hits Monkooky's ghost!
Monkooky's ghost is moderately damaged.
The searing ray hits Lemondrips's ghost but does no damage.
Lemondrips's ghost is almost destroyed.
Monkooky's ghost hits you!
* * * LOW HITPOINT WARNING * * *
Unknown command.
The searing ray hits Monkooky's ghost!
Monkooky's ghost is moderately damaged.
The searing ray hits Lemondrips's ghost.
Lemondrips's ghost is almost destroyed.
Monkooky's ghost hits you!!
Ouch! That really hurt!
You die...

Skill      XL: |  1  2  3  4  5  6  7  8  9 |
---------------+----------------------------+-----
Conjurations   | 6 7 8 9 11 | 11.1
Spellcasting   | 3 4 5 |  5.0
Fighting       | 1 2 4 |  4.2
Shields        | 2 4 |  4.0
Dodging        | 4 6 7 |  7.0
Translocations | 4 |  4.0
Stealth        | |  2.3

Action                   |  1- 3 |  4- 6 |  7- 9 || total
-------------------------+-------+-------+-------++-------
Melee: Unarmed           |     4 |       |       ||     4
       Peck              |     2 |       |     1 ||     3
       Dagger            |       |       |     7 ||     7
       Kick              |       |       |     1 ||     1
 Cast: Magic Dart        |    39 |    88 |   147 ||   274
       Searing Ray       |     4 |    12 |    57 ||    73
       Iskenderun's Myst |       |       |     3 ||     3
  Use: Scroll            |       |     2 |    11 ||    13
Armor: Robe              |     3 |     7 |       ||    10
       Leather armour    |       |       |    18 ||    18
Dodge: Dodged            |    10 |    17 |    73 ||   100
Block: Buckler           |       |       |    19 ||    19

Levels and vault maps discovered:
D:1:      dpeg_arrival_caged_fury, layout_rooms,
          hellmonk_ecumenical_altar_run_dry, chequers_serial_rivers_micro_e
D:2:      layout_basic, uniq_jessica
D:3:      layout_basic
D:4:      layout_basic, vehumet_altar_wand_db, lemuel_doored_altar,
          gup_sewer_entry_pipe, uniq_ijyb, uniq_duvessa
D:5:      layout_rooms, jmf_multi_god_temple, kennysheep_vampire_church,
          minmay_temple_entry_gardened_gates, gammafunk_ghost_arena,
          serial_shops, shop, kennysheep_decorative_pillar, uniq_sigmund
D:6:      layout_rooms, tso_oasis_becter, serial_shops,
          nicolae_shop_overgrown_old_shop
D:7:      layout_gridville, grunt_dithmenos_shadows,
          mainiacjoe_overflow_big_doors, gammafunk_ghost_cemetery, uniq_maggie
Temple:   minmay_freezing_vapour_temple

Notes
Turn   | Place    | Note
-------+----------+-------------------------------------------
     0 | D:1      | quinnr the Tengu Conjurer began the quest for the Orb.
     0 | D:1      | Reached XP level 1. HP: 10/10 MP: 4/4
     1 | D:1      | Found a runed translucent door.
   185 | D:1      | Reached XP level 2. HP: 8/15 MP: 3/6
   327 | D:1      | Found a faded altar of an unknown god.
   349 | D:1      | Reached skill level 6 in Conjurations
   387 | D:1      | Learned a level 2 spell: Searing Ray
   792 | D:1      | Reached XP level 3. HP: 19/19 MP: 3/7
  1276 | D:2      | Reached skill level 3 in Spellcasting
  1276 | D:2      | Reached XP level 4. HP: 20/24 MP: 3/10
  1345 | D:2      | Noticed Jessica
  1353 | D:2      | Killed Jessica
  1534 | D:2      | Reached skill level 4 in Spellcasting
  2101 | D:2      | Gained mutation: Your magical nature lets you fly swiftly
                  | and evasively. [Tengu growth]
  2101 | D:2      | Reached XP level 5. HP: 28/28 MP: 9/12
  2717 | D:3      | You are sucked into a shaft and drop 3 floors!
  2742 | D:6      | Noticed a phantom
  2747 | D:5      | Entered Level 5 of the Dungeon
  2767 | D:5      | Reached skill level 1 in Fighting
  2767 | D:5      | Reached skill level 1 in Shields
  2816 | D:5      | Noticed an ogre
  2873 | D:5      | Killed an ogre
  2874 | D:5      | Reached skill level 2 in Shields
  2874 | D:5      | Reached skill level 7 in Conjurations
  2874 | D:5      | Reached XP level 6. HP: 33/34 MP: 6/13
  2928 | D:5      | Found a staircase to the Ecumenical Temple.
  2938 | Temple   | Entered the Ecumenical Temple
  2967 | D:5      | Reached skill level 3 in Shields
  3026 | D:5      | Found a transporter.
  3027 | D:5      | Found a transporter.
  3038 | D:5      | Noticed xian's ghost (novice MiBe)
  3048 | D:5      | Noticed Sigmund
  3100 | D:5      | Found Furchese's Antique Armour Shoppe.
  3170 | D:5      | Bought a crude leather armour for 147 gold pieces
  3170 | D:5      | Identified the +1 leather armour of the Shore {*Corrode
                  | rElec rC+ Int+3} (You bought it in a shop on level 5 of the
                  | Dungeon)
  3254 | D:5      | Reached skill level 4 in Shields
  3254 | D:5      | Reached XP level 7. HP: 38/38 MP: 9/14
  3444 | D:5      | Reached skill level 3 in Dodging
  3564 | D:5      | Found a snail-covered altar of Cheibriados.
  3566 | D:5      | Found a glowing silver altar of Zin.
  3593 | D:5      | Reached skill level 2 in Fighting
  3868 | D:5      | Reached skill level 4 in Dodging
  3868 | D:5      | Reached skill level 8 in Conjurations
  4051 | D:5      | Found an ancient bone altar of Kikubaaqudgha.
  4054 | D:5      | Reached XP level 8. HP: 43/44 MP: 11/15
  4059 | D:5      | Reached skill level 9 in Conjurations
  4260 | D:5      | Reached skill level 5 in Dodging
  4435 | D:5      | Learned a level 4 spell: Iskenderun's Mystic Blast
  4490 | D:6      | Reached skill level 6 in Dodging
  4642 | D:6      | Reached skill level 5 in Spellcasting
  4642 | D:6      | Reached skill level 3 in Fighting
  4738 | D:4      | Found an opulent altar of Gozag.
  4757 | D:4      | Noticed Ijyb
  4771 | D:4      | Killed Ijyb
  4892 | D:4      | Found a radiant altar of Vehumet.
  4896 | D:4      | Became a worshipper of Vehumet
  4962 | D:4      | Noticed Duvessa
  5032 | D:4      | Noticed Dowan
  5061 | D:4      | Killed Duvessa
  5062 | D:4      | Reached skill level 4 in Fighting
  5063 | D:4      | Killed Dowan
  5064 | D:4      | Reached XP level 9. HP: 25/52 MP: 4/17
  5236 | D:4      | Found a glowing drain.
  5241 | Sewer    | Entered a sewer
  5427 | Sewer    | Reached * piety under Vehumet
  5427 | Sewer    | Offered knowledge of Freeze by Vehumet.
  5550 | Sewer    | Found a white marble altar of Elyvilon.
  6714 | D:5      | Learned a level 3 spell: Dazzling Flash
  6722 | D:5      | Killed Sigmund
  6845 | D:6      | Reached skill level 7 in Dodging
  6845 | D:6      | Reached skill level 10 in Conjurations
  6918 | D:6      | Reached skill level 1 in Translocations
  7052 | D:6      | Found Koegh's Antique Weapon Shoppe.
  7454 | D:6      | Found a glowing golden altar of the Shining One.
  7557 | D:7      | Reached skill level 2 in Translocations
  7722 | D:7      | Found a runed translucent gate.
  7722 | D:7      | Found a runed translucent gate.
  7722 | D:7      | Found a runed translucent gate.
  7729 | D:7      | Noticed Lemondrips's ghost (novice VSBe)
  7730 | D:7      | Noticed Monkooky's ghost (novice TrBe)
  7738 | D:7      | Noticed Maggie
  7748 | D:7      | Killed Maggie
  7749 | D:7      | Reached skill level 11 in Conjurations
  7749 | D:7      | Reached skill level 3 in Translocations
  7926 | D:7      | Found a basalt altar of Yredelemnul.
  7936 | D:7      | Found a blossoming altar of Fedhas.
  7943 | D:7      | Found a shadowy altar of Dithmenos.
  8452 | D:7      | Reached skill level 4 in Translocations
  8570 | D:7      | Offered knowledge of Static Discharge by Vehumet.
  8574 | D:7      | Learned a level 2 spell: Static Discharge
  8663 | D:7      | Reached ** piety under Vehumet
  8719 | D:7      | Learned a level 3 spell: Stone Arrow
  8734 | D:7      | Slain by Monkooky's ghost

Vanquished Creatures
  Maggie (D:7)
  Sigmund (D:5)
  Duvessa (D:4)
  2 water moccasins (D:6)
  2 black bears (D:6)
  An ice beast (D:5)
  An orc warrior (D:5)
  A sky beast (D:7)
  2 ogres
  2 phantoms
  2 kobold brigands (Sewer)
  2 bullfrogs
  4 scorpions
  3 gnoll sergeants
  A necrophage (D:5)
  Dowan (D:4)
  3 vampire bats (D:5)
  3 hounds
  2 jellies (D:5)
  An orc priest (D:7)
  An orc wizard (D:2)
  Ijyb (D:4)
  Jessica (D:2)
  4 iguanas (D:5)
  10 gnolls
  2 river rats (Sewer)
  5 adders
  A shadow imp (D:7)
  2 white imps
  3 ufetubi
  3 worms
  2 dart slugs
  10 orcs
  8 bats
  3 bat skeletons (D:5)
  2 bat zombies (D:5)
  9 endoplasms
  9 giant cockroaches
  6 goblins
  10 hobgoblins
  11 jackals
  4 quokkas
  4 ball pythons
  4 frilled lizards
  14 kobolds
  10 rats
175 creatures vanquished.

Vanquished Creatures (others)
  4 plants
4 creatures vanquished.

Grand Total: 179 creatures vanquished

Table legend: (Time is in decaauts)
 A = Elapsed time spent in this place.
 B = Non-inter-level travel time spent in this place.
 C = Inter-level travel time spent in this place.
 D = Time resting spent in this place.
 E = Time spent auto-exploring this place.
 F = Levels seen in this place.
 G = Mean time per level.
                   A        B        C        D        E       F      G
               +--------+--------+--------+--------+--------+-----+--------+
         Total |   8384 |   8020 |    364 |   1007 |   5250 |   9 |  931.6 |
       Dungeon |   7988 |   7624 |    364 |    918 |   5051 |   7 | 1141.1 |
        Temple |     45 |     45 |      0 |     28 |      9 |   1 |   45.0 |
         Sewer |    350 |    350 |      0 |     61 |    189 |   1 |  350.0 |
               +--------+--------+--------+--------+--------+-----+--------+

Top non-repeatable levels by time:
     D:5: 1867 daAuts
     D:2: 1570 daAuts
     D:7: 1035 daAuts
     D:6: 941 daAuts
     D:4: 913 daAuts
     D:1: 853 daAuts
     D:3: 808 daAuts
   Sewer: 350 daAuts
  Temple: 45 daAuts

Table legend:
 A = Non-vault XP
 B = Vault XP
 C = Vault XP percentage of total XP
 D = Non-vault monster count
 E = Vault monster count
 F = Vault count percentage of total count
                 A         B        C        D         E       F
            +---------+---------+-------+---------+---------+-------
      Total |    2979 |    1536 |  34.0 |     128 |      47 |  26.9
            +---------+---------+-------+---------+---------+-------
        D:1 |      18 |      26 |  59.1 |      10 |      11 |  52.4
        D:2 |     110 |      37 |  25.2 |      33 |       1 |   2.9
        D:3 |      38 |       0 |   0.0 |      17 |       0 |   0.0
        D:4 |      37 |     267 |  87.8 |      16 |       8 |  33.3
        D:5 |    1097 |     531 |  32.6 |      20 |      11 |  35.5
        D:6 |    1084 |       0 |   0.0 |      18 |       0 |   0.0
        D:7 |     595 |     439 |  42.5 |      14 |       2 |  12.5
      Sewer |       0 |     236 | 100.0 |       0 |      14 | 100.0
            +---------+---------+-------+---------+---------+-------
